 Dungeon Crawl Stone Soup version 0.29-a0-275-g389c0b56f3 (webtiles) character file.

Game seed: 12276929268061937812

44 jmlagarto the Caller (level 3, -2/24 HPs)
             Began as a Merfolk Summoner on Mar 11, 2022.
             Was a Believer of Jiyva.
             Slain by a worm (9 damage)
             ... on level 2 of the Dungeon.
             The game lasted 00:04:25 (1437 turns).

jmlagarto the Caller (Merfolk Summoner)             Turns: 1437, Time: 00:04:26

Health: -2/24      AC:  2    Str:  8    XL:     3   Next: 60%
Magic:  5/6        EV: 14    Int: 16    God:    Jiyva [**....]
Gold:   101        SH:  0    Dex: 20    Spells: 3/6 levels left

rFire   . . .      SeeInvis .   d - +0 dagger
rCold   . . .      Faith    .   (no shield)
rNeg    . . .      Spirit   .   a - +0 robe
rPois   .          Reflect  .   (no helmet)
rElec   .          Harm     .   (no cloak)
rCorr   +          Rampage  .   (no gloves)
Will    .....                   (no boots)
Stlth   +++.......              (no amulet)
HPRegen 1.04/turn               h - +6 ring of dexterity
MPRegen 0.40/turn               (no ring)

@: no status effects
A: (nimble swimmer 2), mertail
a: Renounce Religion


You were on level 2 of the Dungeon.
You worshipped Jiyva.
Jiyva was pleased with you.
You visited 1 branch of the dungeon, and saw 2 of its levels.

You collected 101 gold pieces.

Inventory:

Hand Weapons
 d - a +0 dagger (weapon)
Armour
 a - a +0 robe (worn)
 f - a +3 scale mail
Jewellery
 h - a +6 ring of dexterity (left hand)
Scrolls
 c - 4 scrolls of identify {unknown}
 g - a scroll of summoning {unknown}
 i - a scroll of fog {unknown}
 j - a scroll of enchant armour {unknown}
Potions
 b - a potion of magic
 e - 3 potions of curing {unknown}


   Skills:
 + Level 3.4 Dodging
 + Level 3.0 Stealth
 + Level 2.4 Spellcasting
 + Level 4.3 Summonings


You had 3 spell levels left.
You knew the following spells:

 Your Spells              Type           Power      Damage    Failure   Level
a - Summon Small Mammal   Summ           60%        N/A       3%          1
b - Call Imp              Summ           15%        N/A       4%          2

Your spell library contained the following spells:

 Spells                   Type           Power      Damage    Failure   Level
 Call Canine Familiar     Summ           15%        N/A       10%         3
 Sting                    Tmut/Pois      4%         1d3       21%         1
 Summon Guardian Golem    Hex/Summ       8%         N/A       24%         3
 Poisonous Vapours        Pois/Air       2%         N/A       30%         2
 Stone Arrow              Conj/Erth      2%         3d7       52%         3
 Animate Armour           Summ/Erth      16%        N/A       63%         4
 Summon Lightning Spire   Summ/Air       8%         N/A       63%         4
 Olgreb's Toxic Radiance  Pois           1%         N/A       89%         4
 Lehudib's Crystal Spear  Conj/Erth      0%         10d2      100%        8


Dungeon Overview and Level Annotations

Branches:
Dungeon (2/15)

Altars:
Jiyva


Innate Abilities, Weirdness & Mutations

((You are very nimble when in or above water. (Stealth+, EV+, Speed+++)))
Your lower body shifts to a powerful aquatic tail in water.


Message History

Press: ? - help, Q - select action, (/) - cycle Dir - look around, f - activate A metallic apparition takes form in the air.
A worm comes into view.
A worm comes into view.
The worm moves out of view.
The helpless worm fails to defend itself.
You puncture the worm!
The worm is severely wounded.
Found 7 gold pieces.
You hit the worm.
The worm is moderately wounded.
The worm closely misses you.
You hit the worm but do no damage.
The worm is lightly wounded.
The worm closely misses you. The worm bites you!
You hit the worm but do no damage.
The worm is lightly wounded.
The bat barely misses your iron imp.
Your iron imp hits the bat!
The bat dies!
Your Stealth skill increases to level 3!
Okay, then.
Okay, then.
Casting: Call Imp (safe; 4% risk of failure)
Press: ? - help, Q - select action, (/) - cycle Dir - look around, f - activate A beastly little devil appears in a puff of flame.
Your iron imp disappears in a puff of smoke!
The worm bites you! The worm misses you.
A rat comes into view.
You barely miss the worm.
The worm is lightly wounded.
You hit the worm.
The worm is moderately wounded.
The worm bites you. The worm closely misses you.
Your crimson imp hits the worm.
You hit the worm.
The worm is heavily wounded.
The worm bites you.
* * * LOW HITPOINT WARNING * * *
The worm bites you!
You die...

#. ## $.. #.... .. #
#.#.#..#.# #.#.#.r..
#[.....# ##
#..ยง..##.. ##
#.###.5w.....# ##.
...#.@##### #.. #
#.#w.....#
#########. ...
#...####.#
#.........
.#..###....#
#........#
........##.#
#........#
######...#.#
#........# #.#.#.#
###........#
#.....#...+>...)...#
###.###.# #......<.#


You could see 2 worms, a rat and a friendly crimson imp (summoned).

Vanquished Creatures
  A bat (D:2)
  6 goblins
  2 jackals (D:2)
  A kobold (D:2)
  A quokka (D:1)
  4 ball pythons
  3 frilled lizards (D:1)
  2 rats
20 creatures vanquished.

Vanquished Creatures (collateral kills)
  A worm (D:2)
  2 hobgoblins (D:1)
  A quokka (D:1)
  A ball python (D:1)
  A bat (D:2)
  A frilled lizard (D:1)
  2 kobolds (D:1)
  2 rats
11 creatures vanquished.

Vanquished Creatures (others)
  An adder (D:1)
  A worm (D:1)
  A goblin (D:2)
  A hobgoblin (D:2)
  A ball python (D:2)
  2 rats (D:2)
7 creatures vanquished.

Grand Total: 38 creatures vanquished

Notes
Turn   | Place    | Note
-------+----------+-------------------------------------------
     0 | D:1      | jmlagarto the Merfolk Summoner began the quest for the Orb.
     0 | D:1      | Reached XP level 1. HP: 13/13 MP: 3/3
   409 | D:1      | Reached XP level 2. HP: 19/19 MP: 3/5
   775 | D:1      | Found a faded altar of an unknown god.
   790 | D:1      | Prayed at the altar of an unknown god.
   790 | D:1      | Became a worshipper of Jiyva Jimozarr the Shapeless
   790 | D:1      | Reached * piety under Jiyva
  1145 | D:1      | Reached XP level 3. HP: 6/24 MP: 4/6
  1259 | D:2      | Learned a level 2 spell: Call Imp
  1317 | D:2      | Reached ** piety under Jiyva
  1437 | D:2      | Slain by a worm

Illustrated notes

Levels and vault maps discovered:
D:1:      roderic_dead_forest, layout_basic, chequers_ecumenical_altar_simple
D:2:      layout_basic, minmay_misc_feat_rows, minmay_pentomino_pile

Skill      XL: |  1  2  3 |
---------------+----------+-----
Dodging        | 3 |  3.4
Stealth        | 3 |  3.0
Spellcasting   | |  2.4
Summonings     | |  4.3

Action                   || total
-------------------------++-------
Melee: Dagger            ||    91
       Unarmed           ||     8
 Cast: Summon Small Mamm ||    29
       Call Imp          ||     3
 Stab: Distracted        ||     2
       Sleeping          ||     4
Armor: Robe              ||    12
Dodge: Dodged            ||    70

Table legend: (Time is in decaauts)
 A = Elapsed time spent in this place.
 B = Non-inter-level travel time spent in this place.
 C = Inter-level travel time spent in this place.
 D = Time resting spent in this place.
 E = Time spent auto-exploring this place.
 F = Levels seen in this place.
 G = Mean time per level.
                   A        B        C        D        E       F      G
               +--------+--------+--------+--------+--------+-----+--------+
         Total |   1436 |   1369 |     67 |      0 |   1054 |   2 |  718.0 |
       Dungeon |   1436 |   1369 |     67 |      0 |   1054 |   2 |  718.0 |
               +--------+--------+--------+--------+--------+-----+--------+

Top non-repeatable levels by time:
     D:1: 1157 daAuts
     D:2: 279 daAuts
